 Dungeon Crawl Stone Soup version 0.19-a0-1008-g4c63d25 (webtiles) character file.

9997 pisswolf the Fencer (level 11, -11/72 HPs)
             Began as a Demonspawn Gladiator on July 23, 2016.
             Was an Elder of Hepliaklqana.
             Killed from afar by an ice statue (21 damage)
             ... with a bolt of cold
             ... on level 9 of the Dungeon.
             The game lasted 00:27:19 (11771 turns).

pisswolf the Fencer (Demonspawn Gladiator)         Turns: 11771, Time: 00:27:20

Health: -11/72     AC: 10    Str: 18    XL:     11   Next: 30%
Magic:  11/11      EV:  8    Int:  9    God:    Hepliaklqana [****..]
Gold:   500        SH:  0    Dex: 18    Spells: 0 memorised, 10 levels left

rFire  + . .     SeeInvis .     x - +3 scimitar
rCold  . . .     Gourm    .     v - +1 chain mail (curse)
rNeg   . . .     Faith    .     (no shield)
rPois  .         Spirit   .     (helmet restricted)
rElec  .         Dismiss  .     D - +0 cloak
rCorr  .         Reflect  .     (no gloves)
SustAt .         Harm     .     (no boots)
MR     .....     Clarity  +     q - amulet of regeneration
Stlth  +.........               r - +3 ring of strength
                                E - ring of protection from fire

@: exhausted, slowed, very slow, not resistant to hostile enchantments, very
unstealthy
A: claws 1, horns 2, talons 1, clarity, nightstalker 2, spiny 2
a: Recall Ancestor, Ancestor Identity, Transference, Idealise, Renounce Religion


You were on level 9 of the Dungeon.
You worshipped Hepliaklqana.
Hepliaklqana was greatly pleased with you.
You were not hungry.

You visited 2 branches of the dungeon, and saw 12 of its levels.

You collected 500 gold pieces.

Inventory:

Hand Weapons
 x - a +3 scimitar (weapon)
Missiles
 d - 4 throwing nets (quivered)
Armour
 v - a cursed +1 chain mail (worn)
 D - a +0 cloak (worn)
Jewellery
 n - a +2 ring of dexterity
 q - an amulet of regeneration (around neck)
 r - a +3 ring of strength (right claw)
 y - an uncursed ring of stealth
 E - a ring of protection from fire (left claw)
 K - an uncursed ring of positive energy
Wands
 b - a wand of confusion (15/48)
 p - a wand of flame (48/48)
 C - a wand of paralysis (8/24)
 J - a wand of flame (18/48)
Scrolls
 g - a scroll of teleportation
 m - 2 scrolls of fog
 t - 5 scrolls of enchant weapon
 z - 2 scrolls of remove curse
 A - 2 scrolls of amnesia
 H - a scroll of magic mapping
 I - 3 scrolls of silence
 L - a scroll of identify
Potions
 a - a potion of lignification
 c - 2 potions of haste
 i - 4 potions of heal wounds
 k - 8 potions of curing
 o - a potion of flight
 s - a potion of magic
 w - a potion of ambrosia
 B - 3 potions of mutation {unknown}
Books
 h - a book of Debilitation

   Spells                             Type                      Level
   a - Corona                         Hexes                        1
   b - Slow                           Hexes                        2
   c - Gell's Gravitas                Hexes/Translocation          3
   d - Inner Flame                    Hexes/Fire                   3
   e - Cause Fear                     Hexes                        4
   f - Leda's Liquefaction            Hexes/Earth                  4
 j - a Grand Grimoire

   Spells                             Type                      Level
   a - Monstrous Menagerie            Summoning                    7
   b - Summon Greater Demon           Summoning                    7
   c - Malign Gateway                 Summoning/Translocation      7
   d - Summon Horrible Things         Summoning                    8
Comestibles
 f - 5 bread rations
 l - 3 slices of pizza
 u - 2 meat rations
 F - 24 fruits


   Skills:
 - Level 2.0 Fighting
 * Level 15.6 Long Blades
 - Level 1.7 Throwing
 - Level 2.6 Dodging


You had 10 spell levels left.
You didn't know any spells.

Dungeon Overview and Level Annotations

Branches:
Dungeon (11/15)            Temple (1/1) D:5             Orc (0/2) D:9
   Lair: D:8-11

Altars:
Ashenzari
Cheibriados
Dithmenos
Elyvilon
Fedhas
Gozag
Hepliaklqana
Kikubaaqudgha
Makhleb
Nemelex Xobeh
Okawaru
Qazlal
Ru
Sif Muna
Trog
Uskayaw
Vehumet
Xom
Yredelemnul
Zin
The Shining One
Beogh

Shops:
D:6 !

Annotations:
D:3 ProzacElf's ghost, amateur VSWz
D:7 exclusion: door
D:9 exclusion: ice statue


Innate Abilities, Weirdness & Mutations

You have sharp fingernails.
You have a pair of horns on your head.
You have sharp toenails.
You are significantly more attuned to the shadows.
You are mostly covered in sharp spines.
You possess an exceptional clarity of mind.


Message History

* * * LOW HITPOINT WARNING * * *
The ice beast freezes you.
* * * LOW HITPOINT WARNING * * *
You slash the ice statue!
You headbutt the ice statue, but do no damage.
The ice statue is heavily damaged.
The ice beast is struck by your spines. The ice beast hits you.
* * * LOW HITPOINT WARNING * * *
The ice beast freezes you.
* * * LOW HITPOINT WARNING * * *
You slash the ice statue!
You claw the ice statue, but do no damage.
The ice statue is severely damaged.
The ice beast hits you but does no damage.
You hit the ice statue.
You claw the ice statue, but do no damage.
The ice statue is almost destroyed.
The ice statue gestures at you. The bolt of cold hits you!
You die...

#### ..... #...
.......?...# #[..
...........# #...
...........# #...
#...........## #...
#.....8......# #...
##.....@Y.....# #...
#....R.§§.....# #...
#.............# #...
#......§§.....#######...
#.......................
#.....##.##.............
#####..................#
#######.............
#...##8'8#####


You could see the friendly Baqqanum the hexer, an ice statue and an ice beast.

Vanquished Creatures
  A hill giant (D:10)
  A komodo dragon (D:10)
  4 trolls
  Grinder (D:5)
  A shadow (D:11)
  A vampire (D:9)
  17 yaks
  A hungry ghost (D:10)
  8 orc warriors
  An eye of draining (D:11)
  3 ice beasts
  4 sky beasts
  3 phantoms
  4 ogres
  2 centaurs
  2 big kobolds (D:9)
  Blork the orc (D:4)
  3 giant frogs
  A gnoll sergeant (D:10)
  3 scorpions
  8 wights
  4 killer bees (D:7)
  3 crimson imps
  A giant frog zombie (D:10)
  5 hounds
  2 jellies
  6 orc priests
  3 orc wizards
  A centaur skeleton (D:11)
  An iguana (D:8)
  Natasha (D:4)
  2 worker ants
  A hound zombie (D:9)
  A hound skeleton (D:10)
  7 gnolls
  6 adders
  2 shadow imps
  2 oozes (D:2)
  An adder zombie (D:9)
  4 adder skeletons
  A worm (D:2)
  A dart slug (D:2)
  3 giant geckos
  42 orcs
  5 giant cockroaches
  9 hobgoblins
  2 jackals (D:4)
  6 kobolds
  3 quokkas
  4 ball pythons
  3 bats
  A giant gecko skeleton (D:4)
  4 giant newts
  4 goblins
  A quokka skeleton (D:5)
  A quokka zombie (D:9)
  10 rats
223 creatures vanquished.

Vanquished Creatures (collateral kills)
  A cyclops (D:11)
  A manticore (D:11)
  A sky beast (D:7)
  An orc wizard (D:8)
  A worker ant (D:5)
  A gnoll (D:8)
  A shadow imp (D:10)
  3 orcs
  A giant gecko skeleton (D:5)
11 creatures vanquished.

Vanquished Creatures (others)
  4 hexers
  3 ancestors
  4 plants (D:8)
11 creatures vanquished.

Grand Total: 245 creatures vanquished

Notes
Turn   | Place    | Note
-------+----------+-------------------------------------------
     0 | D:1      | pisswolf the Demonspawn Gladiator began the quest for the Orb.
     0 | D:1      | Reached XP level 1. HP: 16/16 MP: 1/1
     0 | D:1      | Noticed a shadow dragon
     0 | D:1      | Noticed a large abomination
     1 | D:1      | Noticed an ice dragon
     3 | D:1      | Noticed a red draconian
    10 | D:1      | Noticed a shadow dragon
    14 | D:1      | Noticed an iron dragon
    16 | D:1      | Noticed a large abomination
    16 | D:1      | Noticed a large abomination
    19 | D:1      | Noticed an orb of fire
    19 | D:1      | Noticed a black draconian
    21 | D:1      | Noticed an orb of fire
    27 | D:1      | Noticed a golden dragon
   229 | D:1      | Reached skill level 3 in Long Blades
   834 | D:1      | Gained mutation: You are partially covered in sharp spines. [demonic ancestry]
   834 | D:1      | Reached XP level 2. HP: 22/22 MP: 2/2
  1127 | D:2      | Gained mutation: You are slightly more attuned to the shadows. [demonic ancestry]
  1127 | D:2      | Reached XP level 3. HP: 24/27 MP: 3/3
  1345 | D:2      | Reached skill level 4 in Long Blades
  1674 | D:3      | Gained mutation: You have sharp fingernails. [demonic ancestry]
  1674 | D:3      | Reached XP level 4. HP: 33/33 MP: 4/4
  1876 | D:3      | Noticed ProzacElf's ghost (amateur VSWz)
  1912 | D:4      | Gained mutation: You possess an exceptional clarity of mind. [potion of beneficial mutation]
  1987 | D:4      | Reached skill level 5 in Long Blades
  2033 | D:4      | Noticed Blork the orc
  2036 | D:4      | Reached XP level 5. HP: 38/38 MP: 5/5
  2046 | D:4      | Killed Blork the orc
  2277 | D:4      | Noticed Natasha
  2283 | D:4      | Killed Natasha
  2283 | D:4      | Reached skill level 6 in Long Blades
  2365 | D:4      | Gained mutation: You are significantly more attuned to the shadows. [demonic ancestry]
  2365 | D:4      | Reached XP level 6. HP: 42/44 MP: 6/6
  2789 | D:5      | Entered Level 5 of the Dungeon
  2791 | D:5      | Noticed Grinder
  2916 | D:5      | Found a staircase to the Ecumenical Temple.
  2926 | Temple   | Entered the Ecumenical Temple
  3196 | Temple   | Became a worshipper of Hepliaklqana
  3367 | D:5      | Found a radiant altar of Vehumet.
  3453 | D:5      | Found a snail-covered altar of Cheibriados.
  3462 | D:5      | Reached skill level 7 in Long Blades
  3507 | D:5      | Paralysed by Grinder for 5 turns
  3530 | D:5      | Killed Grinder
  3530 | D:5      | Reached skill level 8 in Long Blades
  3530 | D:5      | Gained mutation: You have sharp toenails. [demonic ancestry]
  3530 | D:5      | Reached XP level 7. HP: 33/50 MP: 7/7
  3975 | D:6      | Found a sparkling altar of Nemelex Xobeh.
  4054 | D:6      | Reached skill level 9 in Long Blades
  4054 | D:6      | Gained mutation: You are mostly covered in sharp spines. [demonic ancestry]
  4054 | D:6      | Reached XP level 8. HP: 40/56 MP: 8/8
  4152 | D:6      | Reached * piety under Hepliaklqana
  4595 | D:6      | Found an opulent altar of Gozag.
  4907 | D:6      | Reached skill level 10 in Long Blades
  5068 | D:6      | Found Rarchum's Distillery.
  5507 | D:7      | Reached ** piety under Hepliaklqana
  5508 | D:7      | Remembered your ancestor Baqqanum as a hexer
  5606 | D:7      | Noticed a troll
  5617 | D:7      | Killed a troll
  5617 | D:7      | Reached skill level 11 in Long Blades
  5617 | D:7      | Gained mutation: You have a pair of small horns on your head. [demonic ancestry]
  5617 | D:7      | Reached XP level 9. HP: 40/61 MP: 9/9
  5810 | D:7      | Found a deep blue altar of Sif Muna.
  6409 | D:8      | Reached *** piety under Hepliaklqana
  6924 | D:8      | Got a slimy long sword
  7141 | D:8      | Found a blossoming altar of Fedhas.
  7293 | D:8      | Reached skill level 12 in Long Blades
  8105 | D:9      | Reached skill level 13 in Long Blades
  8233 | D:10     | Entered Level 10 of the Dungeon
  8262 | D:10     | Gained mutation: You have a pair of horns on your head. [demonic ancestry]
  8262 | D:10     | Reached XP level 10. HP: 56/67 MP: 10/10
  8686 | D:10     | Reached skill level 14 in Long Blades
  9634 | D:10     | Noticed a hill giant
  9655 | D:10     | Killed a hill giant
  9721 | D:10     | Reached skill level 15 in Long Blades
  9772 | D:10     | Reached XP level 11. HP: 72/72 MP: 11/11
 11484 | D:9      | Found a roughly hewn altar of Beogh.
 11495 | D:9      | Found a staircase to the Orcish Mines.
 11495 | D:9      | Reached **** piety under Hepliaklqana
 11771 | D:9      | Killed from afar by an ice statue

Vault maps used:
D:1:      shiori_arrival_whats_in_store_for_you, solitary_fountain
D:3:      johnstein_pakellas_death_squad
D:4:      first_bread, uniq_blork_the_orc, uniq_natasha
D:5:      vehumet_altar_wand_db, nicolae_overflow_crystal_walls,
          item_on_display_a, uniq_grinder
D:6:      overflow_temple_1_default, old_standard_altar, serial_shops,
          kennysheep_mini_moat
D:7:      led_sif_book
D:8:      fedhas_altar_decomposition
D:9:      david_orc_5, blue_anna_alchemist, minivault_16
D:10:     mrwooster_statue_mirror
D:11:     erik_lair_dragon
Temple:   regret_index_temple_generic_petals

Skill      XL: |  1  2  3  4  5  6  7  8  9 10 |
---------------+-------------------------------+-----
Long Blades    | 3 4 5 6 8 9 11 13 15 | 15.6
Fighting       | |  2.0
Throwing       | |  1.7
Dodging        | |  2.6

Action                   |  1- 3 |  4- 6 |  7- 9 | 10-12 || total
-------------------------+-------+-------+-------+-------++-------
Melee: Long sword        |    94 |   105 |    57 |       ||   256
       Kick              |       |       |    98 |   109 ||   207
       Scimitar          |       |       |   217 |   242 ||   459
       Headbutt          |       |       |    49 |    73 ||   122
Throw: Throwing net      |       |     1 |       |       ||     1
Invok: Ancestor Life: He |       |       |     1 |       ||     1
Evoke: Wand              |       |     2 |     2 |     2 ||     6
  Use: Scroll            |       |    10 |    13 |     3 ||    26
       Potion            |       |     1 |       |     4 ||     5
 Stab: Sleeping          |     2 |       |       |       ||     2
       Confused          |       |       |     2 |     2 ||     4
  Eat: Chunk             |     2 |     5 |     6 |     2 ||    15
       Beef jerky        |       |     1 |       |       ||     1
       Meat ration       |       |       |     1 |     1 ||     2
       Royal jelly       |       |       |     1 |       ||     1
       Fruit             |       |       |     4 |       ||     4
       Bread ration      |       |       |     1 |       ||     1
Armor: Scale mail        |    22 |    15 |       |       ||    37
       Ring mail         |     4 |       |       |       ||     4
       Leather armour    |     1 |       |       |       ||     1
       Chain mail        |       |    19 |    87 |    60 ||   166
Dodge: Dodged            |    30 |    44 |    71 |    62 ||   207
